 Dungeon Crawl Stone Soup version 0.30-a0-760-g5a9884bb7c (webtiles) character file.

Game seed: 10562970425783174691

20 mopl the Sneak (level 2, -3/15 HPs)
             Began as a Vine Stalker Brigand on Feb 10, 2023.
             Slain by Terence
             ... wielding a +0 trident
              (8 damage)
             ... on level 2 of the Dungeon.
             The game lasted 00:00:38 (483 turns).

mopl the Sneak (Vine Stalker Brigand)                Turns: 483, Time: 00:00:39

Health: -3/15      AC:  3    Str: 13    XL:     2   Next: 79%
Magic:  0/3        EV: 11    Int: 11    God:
Gold:   26         SH:  0    Dex: 15    Spells: 1/1 levels left

rFire   . . .      SeeInvis .    a - +2 dagger
rCold   . . .      Faith    .    (no shield)
rNeg    . . .      Spirit   +    b - +0 robe
rPois   .          Reflect  .    (no helmet)
rElec   .          Harm     .    c - +0 cloak
rCorr   .          Rampage  .    (no gloves)
Will    .....                    (no boots)
Stlth   +++                      (no amulet)
HPRegen 0.22/turn                (no ring)
MPRegen 0.08/turn                (no ring)

@: no status effects
A: fangs 2, magic shield, antimagic bite, no potion heal 2
a: no special abilities


You were on level 2 of the Dungeon.
You visited 1 branch of the dungeon, and saw 2 of its levels.

You collected 26 gold pieces.

Inventory:

Hand Weapons
 a - a +2 dagger (weapon)
Missiles
 d - 11 poisoned darts (quivered)
 e - 3 curare-tipped darts
Armour
 b - a +0 robe (worn)
 c - a +0 cloak (worn)
Jewellery
 h - a ring of ice
Scrolls
 g - a scroll of identify {unknown}
Potions
 f - a potion of curing {unknown}


   Skills:
 - Level 1.7 Fighting
 + Level 2.2 Short Blades
 + Level 2.2 Throwing
 - Level 0.7 Dodging
 + Level 5.2 Stealth


You had one spell level left.
You didn't know any spells.
Your spell library was empty.

Dungeon Overview and Level Annotations

Branches:
Dungeon (2/15)

Altars:

Annotations:
D:2 Terence


Innate Abilities, Weirdness & Mutations

You have extremely sharp teeth.
When hurt, damage is shared between your health and your magic reserves.
Your bite disrupts and absorbs the magic of your enemies.
Potions cannot restore your health.


Message History

There are monsters nearby!
A jackal comes into view.
Found a fizzy clear potion.
A jackal comes into view.
Found a scroll labelled LYH XEOTUI.
Found 14 gold pieces.
A ball python comes into view.
Terence shouts!
The ball python hisses angrily.
The jackal barks! x2
You hear a shout! x3
Terence closely misses you.
A gnoll comes into view. It is wielding a +0 whip.
The ball python hisses angrily.
You hit Terence but do no damage. You barely miss Terence. You bite Terence.
You drain his power.
Terence is lightly wounded.
Terence hits you with a +0 trident.
You barely miss Terence.
Terence is lightly wounded.
Terence hits you with a +0 trident!
Ouch! That really hurt!
A gnoll comes into view. It is wielding a +0 spear.
The jackal barely misses you.
You are too injured to fight recklessly!
You are too injured to fight recklessly!
You are too injured to fight recklessly!
You are too injured to fight recklessly!
You are too injured to fight recklessly!
You are too injured to fight recklessly!
You are too injured to fight recklessly!
You are too injured to fight recklessly!
You are too injured to fight recklessly!
You are too injured to fight recklessly!
You are too injured to fight recklessly!
You are too injured to fight recklessly!
You are too injured to fight recklessly!
The jackal attacks as you move away! The jackal bites you.
Terence attacks as you move away! Terence misses you.
Terence hits you from afar with a +0 trident!
Ouch! That really hurt!
You die...

..... g....#
......#######
#.g.........##
.............##
...!$.=.......#
.$.........?..#
..?...h.@..<..#
.....(@h......#
.......SS.....#
..............#
.............##
#.........$.##
##.......####
........#


You could see Terence, a gnoll, 2 jackals and 2 ball pythons.

Vanquished Creatures
  2 bats (D:1)
  2 endoplasms (D:1)
  2 giant cockroaches (D:1)
  4 kobolds (D:1)
  2 quokkas (D:1)
  4 ball pythons (D:1)
  A frilled lizard (D:1)
  2 rats (D:1)
19 creatures vanquished.

Notes
Turn   | Place    | Note
-------+----------+-------------------------------------------
     0 | D:1      | mopl the Vine Stalker Brigand began the quest for the Orb.
     0 | D:1      | Reached XP level 1. HP: 11/11 MP: 2/2
   126 | D:1      | Reached skill level 5 in Stealth
   145 | D:1      | Reached skill level 2 in Short Blades
   145 | D:1      | Reached skill level 2 in Throwing
   145 | D:1      | Reached XP level 2. HP: 15/15 MP: 3/3
   475 | D:2      | Noticed Terence
   483 | D:2      | Slain by Terence

Illustrated notes

Levels and vault maps discovered:
D:1:      dpeg_arrival_orchard, layout_basic
D:2:      kennysheep_big_flooded_room, layout_rooms, minmay_goblin_kobold_house,
          uniq_jessica, uniq_terence

Skill      XL: |  1 |
---------------+----+-----
Stealth        | 5 |  5.2
Short Blades   | 2 |  2.2
Throwing       | 2 |  2.2
Fighting       | |  1.7
Dodging        | |  0.7

Action                     || total
---------------------------++-------
  Melee: Dagger            ||    30
         Bite              ||     5
   Stab: Sleeping          ||    12
 Armour: Robe              ||     4
  Dodge: Dodged            ||     8

Table legend: (Time is in decaauts)
 A = Elapsed time spent in this place.
 B = Non-inter-level travel time spent in this place.
 C = Inter-level travel time spent in this place.
 D = Time resting spent in this place.
 E = Time spent auto-exploring this place.
 F = Levels seen in this place.
 G = Mean time per level.
                   A        B        C        D        E       F      G
               +--------+--------+--------+--------+--------+-----+--------+
         Total |    479 |    460 |     19 |      0 |    326 |   2 |  239.5 |
       Dungeon |    479 |    460 |     19 |      0 |    326 |   2 |  239.5 |
               +--------+--------+--------+--------+--------+-----+--------+

Top non-repeatable levels by time:
     D:1: 472 daAuts
     D:2: 7 daAuts
